Cogmind - Beta 17.1 @@@ ROGUE MODE // 2026.09.09 @ 22:08:36 Player: Ethranok Result: Destroyed by H-61 Shepherd with Heavy Assault Cannon Performance ------------- Evolutions (2) 1000 Regions Visited (3) 600 Robots Destroyed (40) 200 Value Destroyed (1400) 1400 Prototype IDs (5) 100 Alien Tech Used (0) 0 Bonus (0) 0 TOTAL SCORE: 3300 Bonus ------- None Cogmind --------- Core Integrity 0/550 Matter 278/300 Energy 300/300 System Corruption 0% Temperature Hot (219) Movement Treading (320) Ox2 Location -8/Materials Parts ------- > --- POWER (1) -------- Enhanced Nuclear Core > --- PROPULSION (3) --- Light Treads > --- UTILITY (5) ------ Heat Sink High-capacity Storage Unit Advanced Targeting Computer ECM Suite > --- WEAPON (2) ------- Ion Cannon > --- INVENTORY (20) --- Enhanced Nuclear Core Trap Scanner Terrain Scan Processor Weapon Cycler Weapon Cycler Weapon Cycler Improved Power Shielding Light Armor Plating Light Armor Plating Reactive Plating Heavy Assault Rifle Improved Assault Rifle Katana Peak State ------------ > --- POWER ------------ Enhanced Nuclear Core > --- PROPULSION ------- Light Treads Medium Treads Medium Treads > --- UTILITY ---------- Large Storage Unit Trap Scanner Visual Processing Unit Advanced Targeting Computer ECM Suite > --- WEAPON ----------- Improved Assault Rifle Gauss Rifle > --- INVENTORY -------- Enhanced Nuclear Core Terrain Scan Processor Weapon Cycler Weapon Cycler Weapon Cycler Heavy Particle Cannon Ion Cannon Improved Assault Rifle Katana [Rating: 34] Favorites ----------- Power Ion Engine Engine Ion Engine Power Core Enhanced Nuclear Core Propulsion Light Treads Treads Light Treads Utility Visual Processing Unit Device ECM Suite Storage Small Storage Unit Processor Visual Processing Unit Weapon Improved Assault Rifle Energy Gun Advanced Beam Rifle Energy Cannon Heavy Particle Cannon Ballistic Gun Improved Assault Rifle Launcher Advanced EMP Blaster Build | -11 -10 -9 -8 ------- Run | Yrd Mat Mat Mat Slots Evolved 4 | . . 2 2 Power . | . . . . Propulsion 1 | . . . 1 Utility 3 | . . 2 1 Weapon . | . . . . Parts Attached 43 | 5 3 13 22 Power 6 | 1 . 2 3 Engine 4 | 1 . 2 1 Core 2 | . . . 2 Reactor . | . . . . Propulsion 13 | 2 . 4 7 Treads 13 | 2 . 4 7 Leg . | . . . . Wheel . | . . . . Hover . | . . . . Flight . | . . . . Utility 11 | 1 1 2 7 Device 4 | . . 1 3 Storage 5 | 1 . 1 3 Processor 2 | . 1 . 1 Hackware . | . . . . Protection . | . . . . Artifact . | . . . . Weapon 13 | 1 2 5 5 Energy Gun 1 | . . 1 . Energy Cannon 3 | . . 1 2 Ballistic Gun 8 | 1 2 3 2 Ballistic Cannon . | . . . . Launcher 1 | . . . 1 Special Weapon . | . . . . Impact Weapon . | . . . . Slashing Weapon . | . . . . Piercing Weapon . | . . . . Special Melee Weapon . | . . . . Unidentified Prototypes 5 | . 1 1 3 Parts Lost 11 | . . 2 9 Power 2 | . . 1 1 Propulsion 5 | . . 1 4 Utility 1 | . . . 1 Weapon 3 | . . . 3 Highest Loss Streak 4 | . . 2 4 To Critical Strikes . | . . . . Average Backups 7 | 1 5 6 9 Power . | . 1 1 . Propulsion . | . . 1 . Utility 3 | . 2 2 4 Weapon 2 | . 2 1 2 Tool/Special . | . . . . Unused Backups 20 | . . 9 11 Power 2 | . . 1 1 Propulsion 3 | . . 2 1 Utility 8 | . . . 8 Weapon 7 | . . 6 1 Tool/Special . | . . . . Average Slot Usage (%) 93 | . 91 91 95 Engine 7 | . 14 9 2 Core 3 | . . . 6 Treads 24 | . 28 20 24 Device 11 | . . 11 16 Storage 14 | . 14 17 12 Processor 12 | . 7 11 15 Energy Cannon 4 | . . 2 6 Ballistic Gun 16 | . 26 18 10 Peak Build Rating 34 | 5 13 20 34 Average Rating 21 | 3 11 15 29 On Entrance 9 | . 5 13 18 Avg Prop Armor Cover (%) 19 | 25 22 . 10 Naked Turns . | . . . . Heaviest Build 61 | 12 16 25 61 Greatest Support 84 | 3 40 46 84 Greatest Overweight (x) 5 | 3 5 . . Average Overweight (x) . | 1 . . . Largest Inventory Capacity 20 | 8 8 8 20 Average Capacity 10 | 7 8 8 12 Most Carried 15 | 5 8 8 15 Average Carried 7 | 1 5 6 9 Final Capacity 20 | 8 8 8 20 Final Carried 13 | 1 8 7 13 Class Distribution -------------------- 92% | Mutant 7% | Scavenger-Mutant Dominant Class ---------------- Mutant | -10/Materials Mutant | -9/Materials Mutant | -8/Materials Resources | -11 -10 -9 -8 ----------- Run | Yrd Mat Mat Mat Matter Collected 1297 | 227 103 483 484 Remotely . | . . . . Salvage Created 1638 | . 126 539 973 Parts 85 | . 12 32 41 Haulers Intercepted . | . . . . Recyclers Shooed 2 | . 1 . 1 Parts Field Recycled . | . . . . Retrieved Matter . | . . . . Parts Self-Destructed . | . . . . Prevented . | . . . . Parts Restored . | . . . . Kills | -11 -10 -9 -8 ------- Run | Yrd Mat Mat Mat Combat Hostiles Destroyed 34 | . 6 11 17 Guns 25 | . 6 9 10 Cannons 9 | . . 2 7 Classes Destroyed 8 | . 3 3 2 Worker 2 | . 1 1 . Watcher 4 | . 1 1 2 Swarmer 6 | . 6 . . Grunt 17 | . . 7 10 Brawler 1 | . . . 1 Duelist 1 | . . 1 . Sentry 7 | . . 3 4 Hunter 2 | . . . 2 Best Kill Streak 7 | . 7 3 4 Combat Bots Only 6 | . 6 3 4 Max Kills in Single Turn 1 | . 1 1 1 Gunslinging . | . . . . Exploded . | . . . . Melee . | . . . . Uniques/NPCs Destroyed . | . . . . Combat | -11 -10 -9 -8 -------- Run | Yrd Mat Mat Mat Hostile Shots Fired 238 | . 23 72 143 Missed 52 | . 7 23 22 Hits 186 | . 16 49 121 Melee 2 | . . 1 1 Projectile 184 | . 16 48 120 Critical Strikes 9 | . . 2 7 Damage Taken 2937 | . 133 595 2209 Core 747 | . 7 173 567 Absorbed by Shields . | . . . . Core Remaining (%) 84 | 100 97 56 . Volleys Fired 155 | . 13 51 91 Largest 2 | . 2 2 2 Hottest 135 | . 46 98 135 Shots Fired 242 | . 26 74 142 Gun 160 | . 26 70 64 Cannon 82 | . . 4 78 Launcher . | . . . . Special . | . . . . Kinetic 160 | . 26 70 64 Thermal 82 | . . 4 78 Explosive . | . . . . Electromagnetic . | . . . . Robot Hit Streak 19 | . 4 19 11 Robot Miss Streak 4 | . 4 3 3 Penetration Max 1 | . . . 1 Secondary Targets 1 | . 1 . . Max Gunslinging Chain 1 | . 1 . . Shots Hit Robots 156 | . 10 53 93 Core Hits 64 | . 8 21 35 Critical Kills 1 | . . . 1 Critical Parts Destroyed . | . . . . Critical Strikes 1 | . . . 1 Meltdown 1 | . . . 1 Melee Attacks . | . . . . Impact . | . . . . Slashing . | . . . . Piercing . | . . . . Sneak Attacks . | . . . . Combat Hostiles . | . . . . Follow-up Attacks . | . . . . Damage Inflicted 3093 | . 207 870 2016 Guns 1659 | . 207 770 682 Cannons 1434 | . . 100 1334 Explosions . | . . . . Melee . | . . . . Ramming . | . . . . Kinetic 1659 | . 207 770 682 Thermal 1434 | . . 100 1334 Explosive . | . . . . Electromagnetic . | . . . . Impact . | . . . . Slashing . | . . . . Piercing . | . . . . Highest Corruption 3 | . 2 3 . Average Corruption 2 | . 1 3 . Corruption Purged . | . . . . Corruption Blocked . | . . . . Effects 5 | . 2 3 . Message Errors 2 | . 1 1 . Matter Fused 1 | . . 1 . Heat Flow Errors 1 | . 1 . . Data Loss (minor) 1 | . . 1 . Overload Shots . | . . . . Overflow Damage . | . . . . Projectiles . | . . . . Explosions . | . . . . Melee . | . . . . Knockbacks . | . . . . Impact . | . . . . Kinetic . | . . . . Secondary . | . . . . Self-Inflicted Damage . | . . . . Shots . | . . . . Rammed . | . . . . Targets Rammed . | . . . . Kicked . | . . . . Crushed . | . . . . Highest Temperature 694 | . 274 118 694 Average Temperature 200 | . 142 52 216 Received Heat Transfer 1149 | . . 294 855 Effects 29 | . . . 29 Shutdowns 5 | . . . 5 Energy Bleed 5 | . . . 5 Interference 12 | . . . 12 Matter Decay 1 | . . . 1 Short Circuit 1 | . . . 1 Damage (minor) 2 | . . . 2 Damage (major) 1 | . . . 1 Damage (core) 2 | . . . 2 Siege Activations . | . . . . Martial Activations . | . . . . Shielding Activations . | . . . . Robots Disrupted . | . . . . Combat Hostiles . | . . . . Robots Corrupted . | . . . . Combat Hostiles . | . . . . Parts Fried . | . . . . Impact Corruptions . | . . . . Robots Melted 1 | . . . 1 Combat Hostiles . | . . . . Parts Melted 5 | . . . 5 Heat Transferred 2146 | . . 148 1998 Parts Sabotaged . | . . . . Parts Stolen . | . . . . Parts Stripped . | . . . . Power Chain Reactions . | . . . . Alert | -11 -10 -9 -8 ------- Run | Yrd Mat Mat Mat Maximum Alert Level . | . . . . Low Security (%) 100 | 100 100 100 100 Level 1 . | . . . . Level 2 . | . . . . Level 3 . | . . . . Level 4 . | . . . . Level 5 . | . . . . High Security . | . . . . Max Security . | . . . . Peak Influence 147 | . 125 112 147 Initial 35 | . . . 35 Average 60 | . 38 64 73 Influence Increases 1005 | . 152 294 559 Destroy 0b10 Robot/C 680 | . 120 220 340 Destroy 0b10 Robot/NC 30 | . 10 10 10 Destroy Leader 188 | . 22 62 104 Successful Hack 11 | . . 2 9 Disable Machine 60 | . . . 60 Destroy Structure 21 | . . . 21 Lose Combat Pursuer 15 | . . . 15 Influence Decreases 903 | . 152 208 543 Entered New Map 51 | . . . 51 Time Decay 742 | . 152 188 402 Lost Part 110 | . . 20 90 Squads Dispatched 6 | . . 2 4 Investigation 1 | . . . 1 Extermination . | . . . . Reinforcement 5 | . . 2 3 Assault . | . . . . Garrison . | . . . . Intercept . | . . . . Searches Triggered . | . . . . Construction Impeded . | . . . . Haulers Reinforced . | . . . . Active Scanning Responses . | . . . . Cargo Convoy Interrupts . | . . . . Stealth | -11 -10 -9 -8 --------- Run | Yrd Mat Mat Mat Distress Signals 1 | . . . 1 Communications Jammed . | . . . . Distress Signals . | . . . . Times Spotted 57 | . 6 16 35 Peak Tracking Total 5 | . 4 3 5 Tactical Retreats 3 | . . . 3 ECM-based Alert Blocks 2 | . . . 2 Traps | -11 -10 -9 -8 ------- Run | Yrd Mat Mat Mat Traps Triggered 3 | . 2 . 1 Indirectly . | . . . . Trap Hack Attempts . | . . . . Triggered . | . . . . Disarmed . | . . . . Reprogrammed . | . . . . Reused . | . . . . Traps Extracted . | . . . . Installed . | . . . . Triggered . | . . . . Machines | -11 -10 -9 -8 ---------- Run | Yrd Mat Mat Mat Machines Disabled 4 | . . . 4 Max in Single Turn 1 | . . . 1 Machines Repaired . | . . . . Machines Dismantled . | . . . . Machines Sabotaged . | . . . . Overloaded Fab Kills . | . . . . Hacking | -11 -10 -9 -8 --------- Run | Yrd Mat Mat Mat Machines Accessed 3 | . . 1 2 Terminals 2 | . . . 2 Fabricators . | . . . . Repair Stations . | . . . . Recycling Units . | . . . . Scanalyzers 1 | . . 1 . Garrison Access . | . . . . Total Hacks 6 | . . 3 3 Successful 4 | . . 2 2 Failed 2 | . . 1 1 Catastrophic 1 | . . . 1 Database Lockouts . | . . . . Manual 2 | . . 1 1 Terminals 3 | . . . 3 Fabricators . | . . . . Repair Stations . | . . . . Recycling Units . | . . . . Scanalyzers 3 | . . 3 . Garrison Access . | . . . . Terminal Hacks 2 | . . . 2 Record 1 | . . . 1 Zone Layout 1 | . . . 1 Fabricator Hacks . | . . . . Repair Station Hacks . | . . . . Recycling Unit Hacks . | . . . . Scanalyzer 2 | . . 2 . Insert Component 1 | . . 1 . Analyze 1 | . . 1 . Garrison Access Hacks . | . . . . Unauthorized Hacks . | . . . . Terminals . | . . . . Fabricators . | . . . . Repair Stations . | . . . . Recycling Units . | . . . . Scanalyzers . | . . . . Garrison Access . | . . . . Data Cores Recovered . | . . . . Used . | . . . . Hacking Detections 1 | . . . 1 Full Trace Events . | . . . . Feedback Events . | . . . . Feedback Blocked . | . . . . Robot Schematics Acquired . | . . . . Robots Built . | . . . . Authchips . | . . . . Time . | . . . . Total Robot Build Rating . | . . . . Part Schematics Acquired 1 | . . 1 . Parts Built . | . . . . Authchips . | . . . . Time . | . . . . Total Part Build Rating . | . . . . Part Studies Acquired . | . . . . Parts Repaired . | . . . . Time . | . . . . Parts Recycled . | . . . . Recycled Matter . | . . . . Retrieved Matter . | . . . . Retrieved Components . | . . . . Parts Scanalyzed 1 | . . 1 . Part Schematics Acquired 1 | . . 1 . Parts Damaged . | . . . . Bothacking | -11 -10 -9 -8 ------------ Run | Yrd Mat Mat Mat Used RIF Installer . | . . . . Robots Hacked . | . . . . Non-combat . | . . . . Combat . | . . . . Robot Hacks Applied . | . . . . Relay Couplers Released . | . . . . Fabnet Peak Effective % . | . . . . Robots Rewired . | . . . . Allies Hacked . | . . . . Hacks Repelled . | . . . . Allies | -11 -10 -9 -8 -------- Run | Yrd Mat Mat Mat Total Allies . | . . . . Largest Group . | . . . . Highest-Rated Group . | . . . . Highest-Rated Ally . | . . . . Total Orders . | . . . . Ally Attacks . | . . . . Total Damage . | . . . . Kills . | . . . . Allies Corrupted . | . . . . Allies Melted . | . . . . Intel | -11 -10 -9 -8 ------- Run | Yrd Mat Mat Mat Active Infowar (turns) 1642 | . 276 414 952 Optics 1521 | . 276 414 831 Sensors 103 | . . . 103 Traps 363 | . . . 363 ECM 1020 | . . 221 799 Robot Analysis Total . | . . . . Derelict Logs Recovered . | . . . . Drone Launches . | . . . . Drone Recoveries . | . . . . Exploration | -11 -10 -9 -8 ------------- Run | Yrd Mat Mat Mat Turns Passed 2008 | 61 507 414 1026 Spaces Moved 884 | 43 258 148 435 Core 83 | 43 40 . . Treads 801 | . 218 148 435 Legs . | . . . . Wheels . | . . . . Hover . | . . . . Flight . | . . . . Fastest Speed 50 | 50 160 160 160 Average Speed 162 | 119 175 160 160 Slowest Speed 300 | 200 300 160 160 Overloaded Moves . | . . . . Propulsion Burnouts . | . . . . Robots Hopped . | . . . . Potential Cave-ins . | . . . . Cave-ins Triggered . | . . . . Exploration Rate (%) 25 | 3 41 16 40 Regions Visited 3 Branch Regions . Pre-discovered Areas . | . . . . Known Exits Taken . | . . . . Unknown Exits Taken 3 | 1 1 1 . Scrap Searched . | . . . . Spaces Dug . | . . . . Terrain Destroyed 19 | . . . 19 Melee . | . . . . Projectile 19 | . . . 19 AOE . | . . . . Terrain Rammed . | . . . . Walls Destroyed . | . . . . Machines Disabled . | . . . . Actions | -11 -10 -9 -8 --------- Run | Yrd Mat Mat Mat Total 1217 | 53 286 258 620 Wait 24 | . . 3 21 Move 881 | 42 257 147 435 Hop . | . . . . Pick Up 69 | 6 11 23 29 Fast Attach . | . . . . Attach 21 | 5 2 6 8 Detach . | . . . . Swap 31 | . 1 9 21 Drop 36 | . 2 19 15 Fire 155 | . 13 51 91 Melee . | . . . . Ram . | . . . . Kick . | . . . . Crush . | . . . . Escape Stasis . | . . . . Rewire . | . . . . Trap . | . . . . Miscellaneous . | . . . . Route ------- -11/Scrapyard -10/Materials (discovered 2 exits: *Mat / [*Min]) -9/Materials -8/Materials History --------- Turn | Location | Event 3 | -11/Scrapyard | Discovered new exit (range 15) 62 | -11/Scrapyard | Entered Materials 313 | -10/Materials | Build established: Mutant 385 | -10/Materials | Discovered new exit (range 9) 499 | -10/Materials | Discovered new exit (range 17) 569 | -10/Materials | Entered another Materials area 569 | -9/Materials | Evolved 2 slots: Utility x2 854 | -9/Materials | Discovered new exit (range 17) 983 | -9/Materials | Entered another Materials area 983 | -8/Materials | Evolved 2 slots: Propulsion x1, Utility x1 1276 | -8/Materials | Core integrity fell below 50% 2004 | -8/Materials | Core integrity fell below 20% 2009 | -8/Materials | Destroyed by H-61 Shepherd with Heavy Assault Cannon Last Messages --------------- 01927_ Dropped Lrg. Storage Unit. 01928_ Discarded Visual Processing Unit. 01930_ R-06 Scavenger inserts Aluminum Leg into recycling unit. 01931_ Recycling unit begins recycling process. 01939_ R-06 Scavenger collects Particle Gun. 01948_ R-06 Scavenger collects Lrg. Storage Unit. 01976_ Electrolysis Chamber disabled. 01983_ Critical hit (Burn: +37). 01985_ Y-45 Defender destroyed. 01990_ Penetrated by Slug. 01990_ Lgt. Treads destroyed. 01994_ H-61 Shepherd calls for reinforcements. 01994_ ALERT: Hostile activity reported, dispatching reinforcements to area. 02000_ R-06 Scavenger suffers critical hit (Blast). 02000_ R-06 Scavenger destroyed. 02006_ Penetrated by Slug. 02006_ Hvy. Particle Cannon destroyed. 02007_ Imp. Sensor Array destroyed. 02009_ Med. Treads destroyed. Map ----- +----------------------------------------------------+ | | | | | | | | | | | | | | | | | | | | | | | | | | | | | | | | | | | ??????????????????##############?????????????????? | | ?????????????????? #?????????????????? | | ?????????????????# """ """ """ #?????????????????? | | ?????????????????# """ """ """ ##????????????????? | | ?????????????????# """ """ "" #????????????????? | | ?????????????????# !%[ #?????????# | | ?????????????????# #?????????######### | | ?????????????????##;;###+######################## | | ?????????? H @%* = | | ?????????? g g !%!a | | ?????????? g [ [ | | ???????????########+###########+#####;# | | ??????????????????????????????????????# "" %""" | | ??????????????????????????????????????# "" %""" | | ??????????????????????????????????????# "" """ | | ???????????????????????????????????#### """ "" | | ???????????????????????????????????+ | | ???????????????????????????????????#### | | ??????????????????????????????????????#########T## | | ??????????????????????????????????????????????#### | | ???###############???????????????????????????????# | | ???# """ # """ #?????????????###########???????# | | ???# """ # """ #?????????????# """"" *#???????# | | ???# """ # """ #######???????# """"" #???????# | | ???#! # ##!! !##??????# """"" #???????# | | ???# # #! !#??????# #???????# | | ???# / # |# #??????# * #???????# | | #########+####+### ######## * #???????? | | + #???????? | | ######### #### ################# #???????? | | #???????# #??# #???????????????#####+#####???????? | | ###?????# #??# #?????????????????# % ########### | | #?????# #??# #?????????######### # | +----------------------------------------------------+ Best States ------------- Heat Dissipation 41 Energy Generation 17 Energy Capacity 365 Matter Stores 400 Matter Capacity 400 Sight Range 18 Robot Scan Range 15 Terrain Scan Density 10 ECM Strength 1 Evasion (%) 50 Targeting Accuracy 8 Recoil Reduction 3 Item Schematics ----------------- Imp. Assault Rifle | -9/Materials | Scanalyzed Robot Schematics ------------------ None Fabricated ------------ Nothing Repaired ---------- Nothing Studied --------- None Alien Tech Used ----------------- None Achievements -------------- Ghost 'Em It's Just You Please Form A Line Well Done Challenges ------------ None Game ------ Seed MultinovaZhirovStorm Manual? 0 Play Time 00:38:01 Cumulative 3.2 hours Start 2026.09.09 @ 21:29:41 End 2026.09.09 @ 22:08:36 Sessions 1 Manual Loads 0 Difficulty Rogue Special Mode None Game No. 5 Rogue 5 Adventurer 0 Explorer 0 Win Type - Total 0 Types 0/0/0/0/0/0/0/0/0/0 Lore% 3 Gallery% 5 Achievement% 5 Wizard Run 0 Options --------- Layout 1 ASCII 0 Keyboard 0 Movement Mouse Keybinds 0 Fullscreen 1 Font 32/SmallcapsGlow Map View 77x35 Zoom Use 0% Tactical HUD 1 Map Filters NONE Filters NONE Steam 1 RUN: 4287232f-054b-45dd-8772-56f11a00fa7e